AoeStats
← lE ponk

Marketplace

504830719Analyzed
1v1 RM · 26d ago on Sep 6, 2026· 28m 31s· 2 players
Game mode
Random Map
Map size
Tiny (2 player)
Population
200
Speed
Normal
Resources
Standard
Victory
Conquest
Starting age
Dark Age
Ending age
Imperial Age
RankedLock teamsTeams togetherTeam positionsShared explorationLock speedFull tech treeHidden civsTurbo modeCheats
Victory
Defeat
🇸🇪 Celts · Sweden
899
+17
🇳🇿 Franks · New Zealand
912
-17
lE ponk
11:23 Feudal Age
11:53 Horse Collar
12:56 Double-Bit Axe
14:59 Man-at-Arms
19:41 Scale Mail Armor
20:24 Arson
21:01 Forging
21:51 Wheelbarrow
22:57 Gold Mining
22:57 Stone Mining
23:29 Town Watch
25:57 Castle Age
26:32 Long Swordsman
28:15 Chain Mail Armor
28:00 Gambesons
LyricPopcorn918
11:29 Feudal Age
19:40 Castle Age
18:25 Double-Bit Axe
Connection lost

Rejoining the realm…

Still unreachable

The connection could not be restored.

Session expired

The server has moved on; the page needs a fresh start.